 Dungeon Crawl Stone Soup version 0.29.0-4-gdea44cf6ec (webtiles) character file.

Game seed: 11705093505428097112

38 qw the Chopper (level 3, -4/21 HPs)
             Began as a Tengu Warper on Aug 28, 2022.
             Slain by Terence
             ... wielding a +0 hand axe
              (7 damage)
             ... on level 2 of the Dungeon.
             The game lasted 00:00:08 (1494 turns).

qw the Chopper (Tengu Warper)                       Turns: 1494, Time: 00:00:08

Health: -4/21      AC:  3    Str: 13    XL:     3   Next: 43%
Magic:  7/7        EV: 12    Int: 13    God:
Gold:   26         SH:  0    Dex: 13    Spells: 6/6 levels left

rFire   . . .      SeeInvis .   Y - +0 hand axe
rCold   . . .      Faith    .   (no shield)
rNeg    . . .      Spirit   .   b - +0 leather armour
rPois   .          Reflect  .   (helmet restricted)
rElec   .          Harm     .   (no cloak)
rCorr   .          Rampage  .   (no gloves)
Will    .....                   (boots unavailable)
Stlth   +.........              j - amulet of the acrobat
HPRegen 0.07/turn               (no ring)
MPRegen 0.10/turn               (no ring)

@: no status effects
A: beak, talons 3
a: no special abilities


You were on level 2 of the Dungeon.
You visited 1 branch of the dungeon, and saw 2 of its levels.

You collected 26 gold pieces.


Innate Abilities, Weirdness & Mutations

You have a beak for a mouth.
You have claws for feet.


   Skills:
 - Level 2.0 Fighting
 + Level 4.1 Axes
 - Level 1.0 Throwing
 - Level 1.1 Armour
 - Level 2.1 Dodging
 - Level 2.0 Spellcasting
 - Level 2.4 Translocations


You had 6 spell levels left.
You didn't know any spells.
Your spell library contained the following spells:

 Spells                   Type           Power      Damage    Failure   Level
 Blink                    Tloc           14%        N/A       19%         2
 Gell's Gravitas          Tloc           7%         N/A       36%         3
 Lesser Beckoning         Tloc           7%         N/A       36%         3
 Teleport Other           Tloc           7%         N/A       36%         3
 Manifold Assault         Tloc           7%         N/A       98%         5

Inventory:

Hand Weapons
 d - a +0 whip
 Y - a +0 hand axe (weapon)
Armour
 b - a +0 leather armour (worn)
Jewellery
 j - an amulet of the acrobat (around neck)
Scrolls
 a - a scroll of identify {unknown}
Potions
 c - a potion of brilliance {unknown}
 e - a potion of mutation {unknown}
 f - a potion of degeneration {unknown}
 i - a potion of curing {unknown}
 k - a potion of resistance {unknown}

Dungeon Overview and Level Annotations

Branches:
Dungeon (2/15)

Altars:

Annotations:
D:2 Terence


Message History

HP restored.
f - a smoky white potion You open the door.
There is an open door here.
Found 2 stones.
Terence the Incautious comes into view.
He is wielding a +0 hand axe.
You hit Terence but do no damage. Terence closely misses you.
You barely miss Terence. Your peck misses Terence. Terence closely misses you.
You closely miss Terence. Terence closely misses you.
You hit Terence. You claw Terence! Your punch misses Terence.
Terence is heavily wounded.
Terence hits you with a +0 hand axe.
You hit Terence. Your peck misses Terence.
Terence is heavily wounded.
Terence hits you with a +0 hand axe.
You hit Terence.
Terence is severely wounded.
Terence hits you with a +0 hand axe!
You hit Terence but do no damage. Your kick misses Terence.
Terence is severely wounded.
Terence closely misses you.
You hit Terence. Your kick misses Terence.
Terence is severely wounded.
Terence barely misses you.
You hit Terence but do no damage. Your kick misses Terence.
Terence is severely wounded.
Terence hits you with a +0 hand axe.
You closely miss Terence. You peck Terence, but do no damage.
Terence is severely wounded.
Terence drinks a potion.
Terence is healed!
Terence barely misses you.
You hit Terence but do no damage. You claw Terence, but do no damage.
Your peck misses Terence.
Terence bares his teeth.
Terence hits you with a +0 hand axe.
You barely miss Terence. Terence hits you with a +0 hand axe!
You die...

#.#.####.#.##
#.#.# #.#..##
#.#.# #.##..#
#.#.# #.###.#
#.#<# #.# #.#
#.### #.# #.# #
#.# #.# #.####
##...
#.######.#
#....#......
#.#......#
####@@......
#.#.######
##.......
#.#..# #..(...
#.##.# ......
#.##.# ......
##.##.#########
###..
...##.##......#
##
...##..'......#
..######......#


You could see Terence.

Vanquished Creatures
  2 dart slugs (D:1)
  2 bats (D:1)
  5 endoplasms
  4 giant cockroaches (D:1)
  A goblin (D:1)
  3 hobgoblins
  3 jackals (D:1)
  A kobold (D:1)
  A quokka (D:2)
  A ball python (D:2)
  3 frilled lizards (D:1)
  3 rats (D:1)
29 creatures vanquished.

Notes
Turn   | Place    | Note
-------+----------+-------------------------------------------
     0 | D:1      | qw the Tengu Warper began the quest for the Orb.
     0 | D:1      | Reached XP level 1. HP: 12/12 MP: 4/4
     0 | D:1      | 0 ||| qw: Version: 0.1-a-89-g26bdef1
     0 | D:1      | 0 ||| qw: Game counter: 2910
     0 | D:1      | 0 ||| qw: Always use a shield: true
     0 | D:1      | 0 ||| qw: God list: Okawaru
     0 | D:1      | 0 ||| qw: Allow faded altars: false
     0 | D:1      | 0 ||| qw: Do Orc after D:15 true
     0 | D:1      | 0 ||| qw: Do second Lair branch before Depths: true
     0 | D:1      | 0 ||| qw: Lair rune preference: random
     0 | D:1      | 0 ||| qw: Plans: Normal
     0 | D:1      | 0 ||| PLANNING D:1-11
    14 | D:1      | 14 ||| Stepping ~*~*~tactically~*~*~ (stealth).
    19 | D:1      | 19 ||| Stepping ~*~*~tactically~*~*~ (stealth).
    71 | D:1      | 71 ||| Stepping ~*~*~tactically~*~*~ (stealth).
   164 | D:1      | Reached skill level 3 in Axes
   164 | D:1      | Reached XP level 2. HP: 12/17 MP: 6/6
   592 | D:1      | Reached XP level 3. HP: 21/21 MP: 7/7
   677 | D:1      | 677 ||| Stepping ~*~*~tactically~*~*~ (hiding).
   849 | D:1      | Reached skill level 4 in Axes
  1202 | D:1      | 1202 ||| UPGRADING to amulet of the acrobat.
  1207 | D:1      | 1207 ||| READING scroll labelled EHESUQ QUBAISO.
  1208 | D:1      | 1208 ||| READING scroll labelled JIMAWAISHE.
  1213 | D:1      | 1213 ||| READING scroll labelled MELURUXKOF.
  1214 | D:1      | 1214 ||| READING scroll labelled UFEYLE BUXY.
  1215 | D:1      | 1215 ||| DROPPING scroll of blinking.
  1477 | D:2      | Noticed Terence
  1491 | D:2      | HP: 4/21 [Terence/+0 hand axe (2)]
  1494 | D:2      | Slain by Terence

Levels and vault maps discovered:
D:1:      dpeg_arrival_simpleton_c, layout_basic, minmay_heptomino_l4
D:2:      layout_basic, basic_ecumenical_altar, uniq_terence, uniq_sigmund,
          uniq_jessica

Skill      XL: |  1  2  3 |
---------------+----------+-----
Axes           | 3 4 |  4.1
Fighting       | |  2.0
Throwing       | |  1.0
Armour         | |  1.1
Dodging        | |  2.1
Spellcasting   | |  2.0
Translocations | |  2.4

Action                   || total
-------------------------++-------
Melee: Hand axe          ||    77
       Kick              ||    20
       Peck              ||     9
       Punch             ||     1
Throw: Boomerang         ||     7
  Use: Scroll            ||     4
Armor: Leather armour    ||    14
Dodge: Dodged            ||    43

Table legend:
 A = Non-vault XP
 B = Vault XP
 C = Vault XP percentage of total XP
 D = Non-vault monster count
 E = Vault monster count
 F = Vault count percentage of total count
                 A         B        C        D         E       F
            +---------+---------+-------+---------+---------+-------
      Total |      50 |       5 |   9.1 |      26 |       3 |  10.3
            +---------+---------+-------+---------+---------+-------
        D:1 |      43 |       5 |  10.4 |      22 |       3 |  12.0
        D:2 |       7 |       0 |   0.0 |       4 |       0 |   0.0
            +---------+---------+-------+---------+---------+-------
